 Dungeon Crawl Stone Soup version 0.30.0-29-ga12c61a403 (webtiles) character file.

Game seed: 16177201823886545078

6535 cheesebisquit the Grappler (level 10, -1/105 HPs)
             Began as a Troll Fighter on June 4, 2023.
             Was a Follower of Wu Jian.
             Slain by a sixfirhy (12 damage)
             ... summoned by a kobold demonologist
             ... on level 9 of the Dungeon.
             The game lasted 00:24:46 (6857 turns).

cheesebisquit the Grappler (Troll Fighter)          Turns: 6857, Time: 00:24:47

Health: -1/105     AC:  8    Str: 26    XL:     10   Next: 69%
Magic:  9/9        EV: 14    Int:  8    God:    Wu Jian [*.....]
Gold:   290        SH: 10    Dex:  9    Spells: 9/9 levels left

rFire   . .          .
                       - Unarmed
rCold   . . .        b - +0 kite shield
rNeg    . . .        a - +0 robe
rPois   .            J - +1 hat
rElec   .            j - +2 cloak
rCorr   .            (gloves unavailable)
SInv    +            (boots unavailable)
Will    .....        p - amulet of the acrobat
Stlth   +            P - +5 ring of evasion
HPRegen 1.17/turn    O - ring of see invisible
MPRegen 0.11/turn

%: acrobat
@: no status effects
A: large, unfitting armour, claws 3, regeneration 1, shaggy fur 1, tough skin 1
a: Renounce Religion


You were on level 9 of the Dungeon.
You worshipped Wu Jian.
Wu Jian was aware of your devotion.
You visited 2 branches of the dungeon, and saw 10 of its levels.
You also visited: Ossuary.

You collected 582 gold pieces.
You spent 292 gold pieces at shops.

Inventory:

Hand Weapons
 u - a +0 morningstar
 v - a +1 dagger of venom
 B - a +5 dagger of venom
Missiles
 w - 5 poisoned darts (quivered)
 Q - a curare-tipped dart
Armour
 a - a +0 robe (worn)
 b - a +0 kite shield (worn)
 j - a +2 cloak (worn)
 J - a +1 hat (worn)
Jewellery
 p - an amulet of the acrobat (around neck)
 N - a +6 ring of intelligence
 O - a ring of see invisible (right claw)
 P - a +5 ring of evasion (left claw)
Wands
 H - a wand of mindburst (16)
 I - a wand of flame (11)
 M - a wand of quicksilver (19)
 R - a wand of charming (7)
Scrolls
 f - 2 scrolls of butterflies {unknown}
 g - 2 scrolls of teleportation
 h - a scroll of brand weapon {unknown}
 m - 4 scrolls of immolation {unknown}
 n - 6 scrolls of identify {unknown}
 q - a scroll of torment {unknown}
 r - 2 scrolls of noise {unknown}
 t - 3 scrolls of vulnerability
 x - a scroll of fear
 y - a scroll of enchant armour {unknown}
 D - a scroll of silence {unknown}
 E - a scroll of blinking {unknown}
 F - a scroll of fog {unknown}
 K - a scroll of poison {unknown}
Potions
 c - a potion of magic {unknown}
 d - a potion of cancellation {unknown}
 e - 2 potions of invisibility {unknown}
 i - 2 potions of attraction {unknown}
 k - 3 potions of lignification {unknown}
 l - 2 potions of heal wounds
 o - a potion of curing
 s - 3 potions of degeneration {unknown}
 z - 2 potions of might
 A - 2 potions of berserk rage {unknown}
 C - 2 potions of ambrosia {unknown}
 G - a potion of mutation {unknown}
 L - 2 potions of flight {unknown}


   Skills:
 + Level 8.3 Fighting
 - Level 2.4 Dodging
 + Level 9.2 Shields
 + Level 9.7 Unarmed Combat


You had 9 spell levels left.
You didn't know any spells.
Your spell library was empty.

Dungeon Overview and Level Annotations

Branches:
Dungeon (9/15)             Temple (1/1) D:7            Lair (0/5) D:8
Ossuary (visited)
    Orc: D:9-12

Altars:
Cheibriados
Dithmenos
Elyvilon
Gozag
Hepliaklqana
Makhleb
Nemelex Xobeh
Okawaru
Qazlal
Ru
Sif Muna
Trog
Uskayaw
Vehumet
Wu Jian
Xom
Yredelemnul
Zin
The Shining One

Shops:
D:5 [!(?[   D:6 :

Annotations:
D:3 2 transporters, Sabo's ghost, amateur DgAE


Innate Abilities, Weirdness & Mutations

You are too large for most types of armour.
You have claws for hands.
Your natural rate of healing is unusually fast.
You are covered in fur. (AC +1)
You have tough skin. (AC +1)


Message History

The kobold demonologist hits you but does no damage.
You closely miss the kobold demonologist.
The kobold demonologist is heavily wounded.
You block the shadow imp's attack.
The kobold demonologist gestures wildly while chanting.
The kobold demonologist hits you but does no damage.
The crimson imp blinks!
You claw the kobold demonologist!
The kobold demonologist is almost dead.
You block the shadow imp's attack.
The kobold demonologist casts a spell.
You block the kobold demonologist's attack.
You claw the kobold demonologist!
You kill the kobold demonologist!
The Council accepts your kill.
The shadow imp disappears in a puff of smoke!
The soul eater draws from the surrounding life force!
The smoke demon gestures at you. Something smites you!
The kobold demonologist mumbles some strange words.
An orc priest comes into view. It is wielding a +0 short sword.
The orc priest shouts!
You mangle the white imp!!
You kill the white imp!
The white imp disappears in a puff of smoke!
The sixfirhy hits you. The sixfirhy shocks you! The sixfirhy hits you!
The sixfirhy shocks you!
The kobold demonologist mumbles some strange words.
You miss the sixfirhy.
The soul eater disappears in a puff of smoke!
The sixfirhy hits you. The sixfirhy shocks you!
* * * LOW HITPOINT WARNING * * *
The sixfirhy hits you.
* * * LOW HITPOINT WARNING * * *
The sixfirhy shocks you!
* * * LOW HITPOINT WARNING * * *
You block the sixfirhy's attack. The sixfirhy hits you.
* * * LOW HITPOINT WARNING * * *
The sixfirhy shocks you!
You die...

.....##.#.>.......#
.....'..#...<.....#
.....####.........#
.....# #.........#
.....# #.....<...#
..[..# #.........#
.....#
#.........###
.....#
#......ยง....#
..<..#
########@##.....
###### #3# ##.


4K5 ##K## 5o5 #.# ooo .3o You could see 2 kobold demonologists, a sixfirhy
(summoned), a smoke demon (summoned), a red devil (summoned), an orc priest, a
white imp (summoned), 2 shadow imps and 4 orcs.

Vanquished Creatures
  A slime creature (D:9)
  Maurice (D:8)
  A kobold demonologist (D:9)
  Grinder (D:6)
  Sigmund (D:2)
  A wyvern (D:8)
  9 yaks
  2 basilisks (D:8)
  A wraith (D:9)
  2 water moccasins
  An orc warrior (D:8)
  Pargi (D:3)
  2 ice beasts
  2 ogres
  3 sky beasts
  4 centaurs
  2 phantoms
  A kobold brigand (D:8)
  3 scorpions
  3 water moccasin zombies (Ossuary)
  4 wights (D:8)
  2 killer bees (D:7)
  A howler monkey (D:5)
  4 hounds
  8 jellies
  5 orc priests
  2 iguanas
  Ijyb (D:5)
  Terence (D:2)
  5 orc wizards
  Natasha (thrice) (D:2)
  2 mummies (Ossuary)
  3 gnolls (D:7)
  7 adders
  2 shadow imps
  2 ufetubi
  7 adder zombies (Ossuary)
  4 worms
  3 dart slugs
  28 orcs
  10 bats
  2 endoplasms
  2 gnoll zombies (Ossuary)
  10 goblins
  3 hobgoblins
  4 jackals (D:3)
  3 quokkas
  7 ball pythons
  2 frilled lizards
  4 hobgoblin zombies (Ossuary)
  13 kobolds
  5 kobold zombies (Ossuary)
  5 orc zombies (Ossuary)
  7 rats
213 creatures vanquished.

Notes
Turn   | Place    | Note
-------+----------+-------------------------------------------
     0 | D:1      | cheesebisquit the Troll Fighter began the quest for the
                  | Orb.
     0 | D:1      | Reached XP level 1. HP: 22/22 MP: 0/0
   734 | D:2      | Reached XP level 2. HP: 29/29 MP: 1/1
   957 | D:2      | Noticed Natasha
   961 | D:2      | Killed Natasha
   962 | D:2      | Reached XP level 3. HP: 36/36 MP: 2/2
  1209 | D:2      | Noticed Terence
  1209 | D:2      | Noticed Sigmund
  1299 | D:2      | Reached XP level 4. HP: 45/45 MP: 3/3
  1342 | D:2      | Noticed Natasha
  1351 | D:2      | Killed Natasha
  1428 | D:2      | Noticed Natasha
  1437 | D:2      | Killed Natasha
  1509 | D:2      | Killed Terence
  1510 | D:2      | Reached XP level 5. HP: 46/53 MP: 4/4
  1579 | D:2      | Killed Sigmund
  1580 | D:2      | Reached XP level 6. HP: 62/62 MP: 5/5
  1707 | D:3      | Found a transporter.
  1727 | D:3      | Noticed Sabo's ghost (amateur DgAE)
  1728 | D:3      | Found a transporter.
  1768 | D:3      | Found an opulent altar of Gozag.
  1793 | D:3      | Noticed an ice beast
  1807 | D:3      | Killed an ice beast
  1809 | D:3      | Identified the +2 ring mail of the Abyss {rN+ Regen+}
  2161 | D:3      | Noticed Pargi
  2171 | D:3      | Killed Pargi
  2172 | D:3      | Reached XP level 7. HP: 65/70 MP: 6/6
  2458 | D:4      | Found a sand-covered staircase.
  2469 | Ossuary  | Entered an ossuary
  2561 | Ossuary  | Reached skill level 5 in Shields
  2568 | Ossuary  | Reached skill level 5 in Unarmed Combat
  2938 | D:4      | Reached skill level 5 in Fighting
  2995 | D:4      | Reached XP level 8. HP: 80/80 MP: 7/7
  3143 | D:5      | Entered Level 5 of the Dungeon
  3143 | D:5      | Found Xoupiczups's Antique Armour Emporium.
  3154 | D:5      | Bought an embroidered hat for 196 gold pieces
  3170 | D:5      | Found a snail-covered altar of Cheibriados.
  3213 | D:5      | Found Ruovu's Distillery.
  3221 | D:5      | Bought a potion of curing for 36 gold pieces
  3221 | D:5      | Bought a potion of heal wounds for 60 gold pieces
  3244 | D:5      | Found Jiritz's Weapon Boutique.
  3246 | D:5      | Found Muocw's Magic Scroll Shoppe.
  3320 | D:5      | Found Fytiywei's Antique Armour Shop.
  3451 | D:5      | Noticed Ijyb
  3487 | D:5      | Killed Ijyb
  3881 | D:6      | Found a hide-covered altar of Uskayaw.
  3920 | D:6      | Found a bloodstained altar of Trog.
  3954 | D:6      | Found Nerph's Book Boutique.
  3954 | D:6      | Noticed a walking divine tome
  3956 | D:6      | Noticed a walking frostbound tome
  4005 | D:6      | Reached XP level 9. HP: 89/89 MP: 8/8
  4311 | D:6      | Noticed Grinder
  4320 | D:6      | Killed Grinder
  4327 | D:6      | Found a sparkling altar of Nemelex Xobeh.
  5089 | D:7      | Found a glowing silver altar of Zin.
  5089 | D:7      | Found a hazy altar of Hepliaklqana.
  5194 | D:7      | Reached XP level 10. HP: 102/102 MP: 9/9
  5200 | D:7      | Found a staircase to the Ecumenical Temple.
  5214 | Temple   | Entered the Ecumenical Temple
  5260 | Temple   | Became a worshipper of the Wu Jian Council
  5799 | D:8      | Found a staircase to the Lair.
  5905 | D:8      | Noticed Maurice
  5967 | D:8      | Killed Maurice
  6678 | D:8      | Reached * piety under Wu Jian
  6837 | D:9      | Found a sacrificial altar of Ru.
  6838 | D:9      | Noticed a soul eater
  6843 | D:9      | Noticed a sixfirhy
  6843 | D:9      | Noticed a smoke demon
  6857 | D:9      | Slain by a sixfirhy

Illustrated notes

Levels and vault maps discovered:
D:1:      doesnt_arrival_eight_statues, layout_basic, grunt_decor_mini_mirrors,
          minmay_misc_feat_secret_circle, hangedman_abyss_or_decor_lesser_grid
D:2:      minmay_razor_zed, layout_loops_ring, uniq_natasha, uniq_terence,
          uniq_sigmund
D:3:      layout_loops_ring, nicolae_gozag_cash_rules_everything_around_me,
          gammafunk_ghost_smash, chequers_serial_rivers_large_a,
          grunt_decor_fettered, uniq_pargi
D:4:      layout_basic, enter_ossuary_3
D:5:      layout_cave_pools, nicolae_overflow_crystal_walls, serial_shops,
          nicolae_shop_behind_doors, shop, nicolae_lakefront_shop, shop, shop,
          uniq_ijyb
D:6:      layout_loops_ring, nemelex_spade_bored_becter, lemuel_doored_altar,
          trog_book, serial_shops, nicolae_shop_mannequins, roderic_lattice_a,
          grunt_ministairs_15, uniq_grinder
D:7:      layout_rooms, nicolae_overflow_two_pavilions,
          minmay_temple_entry_drinking_statues
D:8:      layout_loops_ring, david_lair_generic, nicolae_fountain_basement,
          uniq_maurice
D:9:      layout_roguey, nicolae_ru_sacrificial_ziggurat, jmf_multi_god_temple2
Temple:   bh_familiar_temple

Skill      XL: |  1  2  3  4  5  6  7  8  9 10 |
---------------+-------------------------------+-----
Shields        | 3 4 5 6 8 9 |  9.2
Fighting       | 3 4 5 6 7 8 |  8.3
Unarmed Combat | 3 4 5 7 8 9 |  9.7
Dodging        | |  2.4

Action                     |  1- 3 |  4- 6 |  7- 9 | 10-12 || total
---------------------------+-------+-------+-------+-------++-------
  Melee: Unarmed           |    68 |    98 |   392 |   153 ||   711
  Throw: Dart              |       |       |     9 |     1 ||    10
Ability: Lunge             |       |       |       |     6 ||     6
    Use: Potion            |       |     1 |     1 |     5 ||     7
         Scroll            |       |       |     3 |       ||     3
   Stab: Sleeping          |     1 |       |       |       ||     1
 Armour: Robe              |    25 |    38 |   109 |    29 ||   201
  Dodge: Dodged            |    17 |    32 |   106 |    47 ||   202
  Block: Kite shield       |    27 |    38 |   136 |    54 ||   255
